[Event "Titled Tuesday Blitz November 15 Early 2022"]
[White "Pakleza, Zbigniew"]
[Black "Volkov, Maksim"]
[WhiteFideId "1119290"]
[BlackFideId "54123070"]
[WhiteElo "2411"]
[BlackElo "2257"]
[Result "1-0"]
[Round "10"]
[TimeControl "180+1"]
[Date "2022.11.15"]
[WhiteClock "0:00:13"]
[BlackClock "0:00:24"]

1. d4 d5 2. Bf4 Nf6 3. e3 c5 4. c3 Nc6 5. Nd2 Bf5 6. Ngf3 e6 7. Nh4 Bg4 8. Qb3 Qc8 9. h3 Bh5 10. g4 Bg6 11. Nxg6 hxg6 12. Bg2 Be7 13. O-O Nd7 14. c4 cxd4 15. cxd5 Nc5 16. dxc6 Nxb3 17. cxb7 Nxd2 18. bxa8=Q Qxa8 19. Bxa8 Nxf1 20. Kxf1 dxe3 21. Bxe3 a6 22. Bc6+ Kd8 23. Rc1 Bd6 24. Bb7 Rxh3 25. Bxa6 f5 26. Rd1 Kc7 27. a4 Be5 28. Ke2 Bxb2 29. Bb5 fxg4 30. Rd7+ Kc8 31. Re7 g3 32. fxg3 Rxg3 33. Bb6 Ra3 34. Ba6+ 1-0


[Site "https://www.chess.com"]

[Event "Titled Tuesday Blitz November 15 Early 2022"]
[White "Paravyan, David"]
[Black "Ibarra Jerez, Jose Carlos"]
[WhiteFideId "4194985"]
[BlackFideId "2226332"]
[WhiteElo "2546"]
[BlackElo "2638"]
[Result "1/2-1/2"]
[Round "10"]
[TimeControl "180+1"]
[Date "2022.11.15"]
[WhiteClock "0:00:03"]
[BlackClock "0:00:07"]

1. e4 c5 2. Nf3 e6 3. d4 cxd4 4. Nxd4 Bc5 5. Nb3 Bb6 6. Nc3 Ne7 7. a4 Nbc6 8. Bd3 O-O 9. O-O f5 10. Bd2 f4 11. Qh5 Ng6 12. a5 Bc7 13. Nb5 Be5 14. c3 a6 15. N5d4 Qf6 16. Nf3 Bc7 17. Rae1 Nce5 18. Be2 Nxf3+ 19. Bxf3 Ne5 20. Nd4 Bxa5 21. g3 g6 22. Qh3 Nxf3+ 23. Nxf3 e5 24. gxf4 d6 25. Qg2 exf4 26. e5 dxe5 27. Nxe5 f3 28. Qg3 Bc7 29. Bh6 Re8 30. Nxg6 Bxg3 31. Rxe8+ Kf7 32. Rf8+ Kxg6 33. Rxf6+ Kxf6 34. fxg3 Bg4 35. h3 Bxh3 36. Rxf3+ Kg6 37. Bf4 Rd8 38. Re3 Rd1+ 39. Kf2 Rb1 40. b4 Bg4 41. Re7 Rb2+ 42. Ke1 b5 43. Re5 h5 44. Rg5+ Kf6 45. Rc5 Ke6 46. Kf1 Ra2 47. Kg1 Bf3 48. Kf1 Bd5 49. Rc8 Bc4+ 50. Ke1 Kf5 51. Re8 Kg4 52. Bc7 Rc2 53. Re3 Kh3 54. Kd1 Rf2 55. Kc1 Bb3 56. Kb1 Ba2+ 57. Kc1 Bb3 58. Be5 Kg4 59. Re4+ Kf5 60. Re3 Rg2 61. Bc7 Rc2+ 62. Kb1 Rf2 63. Kc1 Rg2 64. Re5+ Kg4 65. Re8 Rc2+ 66. Kb1 Rxc3 67. Bd6 Rd3 68. Bc7 Kh3 69. Kb2 Bc4 70. Rh8 Rb3+ 71. Kc2 Rxb4 72. Rxh5+ Kg4 73. Rh6 Rb3 74. Rxa6 Rf3 75. Ra7 b4 76. Bb6 Rc3+ 77. Kb2 Rb3+ 78. Kc2 Rc3+ 79. Kb2 Bd5 80. Rd7 Be6 81. Rd4+ Kxg3 82. Rxb4 Rd3 83. Bd4 Bf5 84. Bc3 Kf3 85. Rb8 Be4 86. Kb3 Rd5 87. Kc4 Rd7 88. Bd4 Rc7+ 89. Bc5 Rd7 90. Rf8+ Kg4 91. Rf2 Bf5 92. Be3 Be6+ 93. Kc3 Rc7+ 94. Kd4 Rc4+ 95. Ke5 Bc8 96. Bd4 Ra4 97. Rf4+ Kh5 98. Rf8 Ra5+ 99. Kd6 Bb7 100. Bc5 Ra6+ 101. Ke5 Kg6 102. Rg8+ Kf7 103. Rh8 Ra5 104. Kd4 Ra4+ 105. Kc3 Re4 106. Rh7+ Ke6 107. Rxb7 Kd5 108. Bb4 Rc4+ 109. Kb3 Rg4 110. Rc7 Rg6 111. Rc5+ Ke6 112. Kc4 Rg4+ 113. Kb5 Rf4 114. Rc6+ Kd5 115. Rd6+ Ke5 116. Rd8 Rf5 117. Bc5 Ke4 118. Kc4 Kf3 119. Bd4 Kg4 120. Kd3 Rg5 121. Ke4 Rg6 122. Rf8 Re6+ 123. Be5 Rg6 124. Bf6 Kh5 125. Rh8+ Kg4 126. Ke5 Kf3 127. Kf5 Rg2 128. Ra8 Ke2 129. Be5 Kf2 130. Ke4 Ke2 131. Ra2+ Kf1 132. Ra1+ Ke2 133. Bf4 Kf2 134. Ra2+ Kf1 135. Bd2 Ke2 136. Be3+ Kf1 137. Ra1+ Ke2 138. Rb1 Rg4+ 139. Bf4 Rg2 140. Rc1 Kf2 141. Ra1 Ke2 142. Rb1 Kf2 143. Be3+ Ke2 144. Rb3 Kf1 145. Bf4 Ke2 146. Bg3 Kf1 147. Rb1+ Ke2 148. Kf4 Kd3 149. Kf3 Rc2 150. Be5 Kc4 151. Ke3 Kd5 152. Kd3 Rc6 153. Bd4 Rg6 154. Rb5+ Ke6 155. Re5+ Kd7 156. Kc4 Re6 157. Rh5 1/2-1/2


[Site "https://www.chess.com"]

[Event "Titled Tuesday Blitz November 15 Early 2022"]
[White "Pichot, Alan"]
[Black "Jobava, Baadur"]
[WhiteFideId "110973"]
[BlackFideId "13601520"]
[WhiteElo "2560"]
[BlackElo "2582"]
[Result "0-1"]
[Round "10"]
[TimeControl "180+1"]
[Date "2022.11.15"]
[WhiteClock "0:01:22"]
[BlackClock "0:01:57"]

1. Nf3 d5 2. d4 Nf6 3. Bg5 Ne4 4. Bf4 Bf5 5. Nbd2 e6 6. e3 Bd6 7. Bd3 O-O 8. O-O Nd7 9. Bxd6 cxd6 10. Qe2 h6 11. h3 Ndf6 12. Rfc1 Qb6 13. Rab1 Rac8 14. c3 Rfe8 15. Bxe4 dxe4 16. Ne1 e5 17. Nc2 Bd7 18. Rd1 d5 19. f3 Bb5 20. Qf2 Bd3 21. Rdc1 Bxc2 22. Rxc2 exd4 0-1


[Site "https://www.chess.com"]

[Event "Titled Tuesday Blitz November 15 Early 2022"]
[White "Piesik, Piotr"]
[Black "Gurevich, Dmitry"]
[WhiteFideId "1136194"]
[BlackFideId "2000407"]
[WhiteElo "2316"]
[BlackElo "2506"]
[Result "1-0"]
[Round "10"]
[TimeControl "180+1"]
[Date "2022.11.16"]
[WhiteClock "0:00:04"]
[BlackClock "0:00:01"]

1. Nf3 Nf6 2. g3 d5 3. Bg2 c6 4. O-O Bf5 5. d3 h6 6. Nbd2 e6 7. Qe1 Bh7 8. e4 Be7 9. Qe2 O-O 10. b3 a5 11. a4 Na6 12. Bb2 Nb4 13. Ne1 b5 14. e5 Nd7 15. f4 bxa4 16. bxa4 Rb8 17. Bd4 c5 18. Bf2 c4 19. dxc4 Nc5 20. cxd5 Nxd5 21. Nc4 Nxa4 22. Qf3 Ndc3 23. Be3 Be4 24. Qf2 Bxg2 25. Qxg2 Qc7 26. Nd2 Bc5 27. Bxc5 Qxc5+ 28. Qf2 Qxf2+ 29. Kxf2 Rb4 30. Nd3 Rb5 31. Ra3 Rc8 32. Rfa1 Rd5 33. Nf3 Nc5 34. Rxa5 Nxd3+ 35. cxd3 Rxd3 36. Ra8 Rxa8 37. Rxa8+ Kh7 38. Ra7 Kg8 39. Ra8+ Kh7 40. Rf8 Kg6 41. Nh4+ Kh5 42. Rxf7 g5 43. fxg5 hxg5 44. Nf3 Nd5 45. h3 g4 46. hxg4+ Kxg4 47. Rg7+ Kf5 48. Rg5+ Ke4 49. Rg4+ Kf5 50. Rg5+ Ke4 51. Rg4+ Kf5 52. Rh4 1-0


[Site "https://www.chess.com"]

[Event "Titled Tuesday Blitz November 15 Early 2022"]
[White "Pino Perez, Lazaro"]
[Black "Mrudul Dehankar"]
[WhiteFideId "3517055"]
[BlackFideId "25096990"]
[WhiteElo "2170"]
[BlackElo "2068"]
[Result "0-1"]
[Round "10"]
[TimeControl "180+1"]
[Date "2022.11.16"]
[WhiteClock "0:00:02"]
[BlackClock "0:00:30"]

1. d4 Nf6 2. Bf4 e6 3. e3 b6 4. Qf3 Nc6 5. Nc3 Bb7 6. O-O-O Qc8 7. e4 Bb4 8. Nge2 Ne7 9. h4 d5 10. e5 Ne4 11. h5 c5 12. a3 Bxc3 13. Nxc3 cxd4 14. Rxd4 O-O 15. Nxe4 dxe4 16. Qd1 Nf5 17. Rd7 Bc6 18. Rd2 Qc7 19. g4 Ne7 20. Be3 Rad8 21. h6 Qxe5 0-1


[Site "https://www.chess.com"]

[Event "Titled Tuesday Blitz November 15 Early 2022"]
[White "Player, Edmund C"]
[Black "Ricaurte Lopez, Juan Carlos"]
[WhiteFideId "406520"]
[BlackFideId "3600327"]
[WhiteElo "2103"]
[BlackElo "2209"]
[Result "1-0"]
[Round "10"]
[TimeControl "180+1"]
[Date "2022.11.16"]
[WhiteClock "0:01:19"]
[BlackClock "0:00:04"]

1. e4 e5 2. Nf3 Nc6 3. Bc4 Nf6 4. d3 Bc5 5. c3 d6 6. O-O a6 7. b4 Ba7 8. a4 O-O 9. Nbd2 Be6 10. Bxe6 fxe6 11. h3 b5 12. Re1 Qe8 13. Nf1 Nh5 14. N1h2 h6 15. Ra2 g5 16. Ng4 Qg6 17. Bd2 Rf7 18. axb5 axb5 19. Qa1 Raf8 20. Rxa7 Nxa7 21. Qxa7 Ng7 22. Ngh2 c5 23. Qb6 cxb4 24. cxb4 Nh5 25. Qxd6 Nf4 26. Nxe5 Qf6 27. Bxf4 Qxf4 28. Nxf7 Rxf7 29. Qxf4 1-0


[Site "https://www.chess.com"]

[Event "Titled Tuesday Blitz November 15 Early 2022"]
[White "Postnikov, Daniil"]
[Black "Sreyas Payyappat"]
[WhiteFideId "4166329"]
[BlackFideId "46674969"]
[WhiteElo "2261"]
[BlackElo "2083"]
[Result "1-0"]
[Round "10"]
[TimeControl "180+1"]
[Date "2022.11.16"]
[WhiteClock "0:00:18"]
[BlackClock "0:00:08"]

1. e4 c6 2. d4 d5 3. e5 Bf5 4. Nf3 e6 5. Be2 c5 6. O-O Nc6 7. c3 Nge7 8. Na3 Ng6 9. Nc2 cxd4 10. Ncxd4 Be4 11. Qa4 Qd7 12. Bb5 Rc8 13. Ng5 Ngxe5 14. Nxe4 dxe4 15. Rd1 Bd6 16. Bf4 Nd3 17. Bxd6 Qxd6 18. Nxc6 bxc6 19. Ba6 Rd8 20. Qxe4 Nc5 21. Qg4 Qe7 22. Qxg7 Rf8 23. Be2 Rd5 24. Bf3 Rf5 25. Bxc6+ Nd7 26. Rxd7 Qxd7 27. Bxd7+ Kxd7 28. Qxf8 Kc6 29. Rd1 Rd5 30. Qc8+ 1-0


[Site "https://www.chess.com"]

[Event "Titled Tuesday Blitz November 15 Early 2022"]
[White "Potapova, Margarita"]
[Black "Petrova, Irina"]
[WhiteFideId "14126869"]
[BlackFideId "14124122"]
[WhiteElo "2272"]
[BlackElo "2023"]
[Result "0-1"]
[Round "10"]
[TimeControl "180+1"]
[Date "2022.11.16"]
[WhiteClock "0:00:57"]
[BlackClock "0:00:32"]

1. e4 d6 2. d4 Nf6 3. Nc3 e5 4. Nf3 Nbd7 5. Bc4 Be7 6. O-O c6 7. a4 h6 8. Re1 Qc7 9. b3 g5 10. a5 Nf8 11. b4 Ng6 12. b5 Kf8 13. h3 g4 14. hxg4 Bxg4 15. Be3 Nh4 16. Be2 Bxf3 17. Bxf3 Kg7 18. Be2 Rag8 19. g3 Kf8 20. Rb1 d5 21. Kh1 exd4 22. Bxd4 Rxg3 23. e5 Rh3+ 24. Kg1 Rg8+ 25. Bg4 Nxg4 26. Kf1 Nf3 27. Ke2 Nxe1 28. Qxe1 c5 29. Qf1 cxd4 30. Qxh3 Qxe5+ 31. Kd2 dxc3+ 32. Qxc3 Bg5+ 33. Kd3 Nxf2# 0-1


[Site "https://www.chess.com"]

[Event "Titled Tuesday Blitz November 15 Early 2022"]
[White "Pranav, V"]
[Black "Quintiliano Pinto, Renato R."]
[WhiteFideId "25060783"]
[BlackFideId "2117568"]
[WhiteElo "2937"]
[BlackElo "2693"]
[Result "1-0"]
[Round "10"]
[TimeControl "180+1"]
[Date "2022.11.16"]
[WhiteClock "0:01:49"]
[BlackClock "0:00:53"]

1. e4 e5 2. Nf3 Nc6 3. Bc4 Nf6 4. Ng5 d5 5. exd5 Na5 6. Bb5+ c6 7. dxc6 bxc6 8. Bd3 Nd5 9. Nf3 Bd6 10. O-O O-O 11. Re1 f5 12. Nxe5 Qf6 13. Nf3 Bb7 14. Bf1 c5 15. d4 Rae8 16. Rxe8 Rxe8 17. c4 Nb6 18. d5 Naxc4 19. Bxc4 Nxc4 20. Qa4 Re4 21. Nc3 Rg4 22. h3 Rg6 23. Qxc4 1-0


[Site "https://www.chess.com"]

[Event "Titled Tuesday Blitz November 15 Early 2022"]
[White "Przybylski, Wojciech"]
[Black "Vasques, Antonio Pedro Freixial"]
[WhiteFideId "1117599"]
[BlackFideId "1908332"]
[WhiteElo "2221"]
[BlackElo "2243"]
[Result "1-0"]
[Round "10"]
[TimeControl "180+1"]
[Date "2022.11.16"]
[WhiteClock "0:00:04"]
[BlackClock "0:00:04"]

1. d4 Nf6 2. Bg5 Ne4 3. Bc1 d5 4. f3 Nf6 5. c4 c6 6. Nc3 g6 7. Bf4 Bg7 8. e3 O-O 9. cxd5 Nxd5 10. Nxd5 Qxd5 11. Qb3 Qa5+ 12. Qc3 Qb6 13. Bd3 Nd7 14. Ne2 Nf6 15. Qb3 Qxb3 16. axb3 Nd5 17. Kf2 Nxf4 18. Nxf4 e5 19. dxe5 Bxe5 20. Rab1 Rd8 21. Ke2 Bxf4 22. exf4 Rxd3 23. Kxd3 Bf5+ 24. Kc3 Bxb1 25. Rxb1 Rd8 26. Ra1 a6 27. Re1 Kf8 28. g4 Rd5 29. h4 h5 30. b4 f6 31. b3 Kf7 32. Rg1 Ke6 33. f5+ gxf5 34. gxh5 f4 35. Rg4 Rxh5 36. Rxf4 f5 37. Kc4 b6 38. Rd4 Ke5 39. Kd3 f4 40. Re4+ Kf5 41. Rc4 Rxh4 42. Rxc6 Rh3 43. Rxb6 Rxf3+ 44. Kc4 Rf1 45. Rxa6 Ke4 46. Re6+ Kf3 47. b5 Rc1+ 48. Kd4 Rd1+ 49. Kc4 Rc1+ 50. Kd5 Rc3 51. b4 Rd3+ 52. Kc4 Re3 53. Rf6 Re4+ 54. Kc5 Re5+ 55. Kc4 Ke4 56. b6 f3 57. b7 Re8 58. Kc5 Ke3 59. b5 f2 60. Kc6 Ke2 61. Kc7 Re7+ 62. Kc8 Re8+ 63. Kd7 Rb8 64. Kc7 1-0


[Site "https://www.chess.com"]

[Event "Titled Tuesday Blitz November 15 Early 2022"]
[White "Raahul V S"]
[Black "Wagner, Dennis"]
[WhiteFideId "25035525"]
[BlackFideId "24650684"]
[WhiteElo "2233"]
[BlackElo "2470"]
[Result "0-1"]
[Round "10"]
[TimeControl "180+1"]
[Date "2022.11.16"]
[WhiteClock "0:00:07"]
[BlackClock "0:00:12"]

1. c4 c6 2. e4 d5 3. exd5 cxd5 4. cxd5 Nf6 5. Qa4+ Nbd7 6. Nc3 g6 7. Bc4 Bg7 8. Nf3 O-O 9. d3 a6 10. Qa3 Nb6 11. Qb3 Bd7 12. Be3 Nc8 13. Qxb7 Nd6 14. Qb3 Rb8 15. Qc2 Bf5 16. Qd2 Nfe4 17. dxe4 Nxc4 18. Qc1 Bxe4 19. Nxe4 Qxd5 20. Nc3 Qd3 21. Qd1 Bxc3+ 22. bxc3 Qxc3+ 23. Kf1 Nxe3+ 24. fxe3 Rb2 25. Qe1 Qc2 26. Qg3 Qe2+ 27. Kg1 Qxe3+ 28. Kf1 Rc8 29. Qe1 Qd3+ 30. Kg1 Rcc2 31. Nh4 Qd4+ 32. Kf1 Rf2+ 0-1


[Site "https://www.chess.com"]

[Event "Titled Tuesday Blitz November 15 Early 2022"]
[White "Rios Escobar, Adan"]
[Black "Johnson, Ben"]
[WhiteFideId "3403645"]
[BlackFideId "2010917"]
[WhiteElo "2339"]
[BlackElo "2145"]
[Result "1-0"]
[Round "10"]
[TimeControl "180+1"]
[Date "2022.11.16"]
[WhiteClock "0:00:06"]
[BlackClock "0:00:15"]

1. d4 Nf6 2. g3 d5 3. c4 e6 4. Bg2 dxc4 5. Nf3 c5 6. O-O Nc6 7. dxc5 Qxd1 8. Rxd1 Bxc5 9. Nbd2 c3 10. bxc3 O-O 11. Nb3 Be7 12. c4 Bd7 13. Bb2 Rfd8 14. Nbd4 Rac8 15. Nb5 Be8 16. Rac1 a6 17. Nbd4 Ne4 18. Nxc6 Bxc6 19. Ne5 Rxd1+ 20. Rxd1 Ba4 21. Rc1 Nc5 22. Ba3 b6 23. Rc3 f6 24. Nd3 Kf7 25. Bxc5 Bxc5 26. Bb7 Rc7 27. Nxc5 Rxc5 28. Bxa6 b5 29. Kf1 e5 30. Ke1 Ke7 31. Kd2 b4 32. Rc1 Ra5 33. Bb5 Bxb5 34. cxb5 Rxa2+ 35. Kd3 Ra5 36. Kc4 Ra2 37. Rb1 Rxe2 38. b6 Kd7 39. Rxb4 Kc8 40. Kd5 Rxf2 41. b7+ Kb8 42. Ke6 Rxh2 43. Kf7 Rc2 44. Kxg7 Rc7+ 45. Kxf6 Rxb7 46. Rc4 Rc7 47. Rb4+ Kc8 48. Re4 Kd8 49. Rxe5 Rc6+ 50. Kg7 Rg6+ 51. Kxh7 Rxg3 52. Re4 Rd3 53. Re1 Rd7+ 54. Kg6 Re7 55. Rd1+ Rd7 56. Ra1 Ke8 57. Kf6 Kd8 58. Ra8+ Kc7 59. Ra7+ Kc6 60. Ra1 Kc7 61. Rc1+ Kd8 62. Rc2 Rc7 63. Rb2 Kc8 64. Ra2 Rb7 65. Rd2 Kc7 66. Rc2+ Kb8 67. Rd2 Ka7 68. Rd1 Rb6+ 69. Ke7 Ka6 70. Kd7 Rb7+ 71. Kc6 Rb2 72. Ra1+ Ra2 73. Rxa2# 1-0


[Site "https://www.chess.com"]

[Event "Titled Tuesday Blitz November 15 Early 2022"]
[White "Rodriguez Santiago, Jaime"]
[Black "Fiol, Fabrice"]
[WhiteFideId "3100898"]
[BlackFideId "611670"]
[WhiteElo "2025"]
[BlackElo "2399"]
[Result "0-1"]
[Round "10"]
[TimeControl "180+1"]
[Date "2022.11.16"]
[WhiteClock "0:00:33"]
[BlackClock "0:00:17"]

1. c4 e5 2. Nc3 Nc6 3. g3 g6 4. Bg2 Bg7 5. e4 d6 6. Nge2 Nge7 7. d3 Nd4 8. Nxd4 exd4 9. Ne2 O-O 10. O-O Be6 11. f4 c6 12. Rb1 Qd7 13. f5 gxf5 14. Nf4 Ng6 15. Nh5 fxe4 16. Nxg7 Kxg7 17. Bxe4 f5 18. Bg2 d5 19. Qh5 Kh8 20. Bh6 Rf7 21. b3 Rg8 22. Rbe1 f4 23. cxd5 Bg4 24. dxc6 bxc6 25. Qc5 f3 26. Bh1 Rf5 27. Qc4 Ne5 28. Qa4 Nxd3 29. Re7 Qxe7 30. Qxd4+ Ne5 31. Bf4 c5 32. Qb2 Rg7 33. Re1 f2+ 34. Kxf2 Nd3+ 35. Kg2 Qxe1 0-1


[Site "https://www.chess.com"]

[Event "Titled Tuesday Blitz November 15 Early 2022"]
[White "Rose, Felix"]
[Black "Melikhov, Evgeny V."]
[WhiteFideId "5105722"]
[BlackFideId "4122046"]
[WhiteElo "2039"]
[BlackElo "2169"]
[Result "0-1"]
[Round "10"]
[TimeControl "180+1"]
[Date "2022.11.16"]
[WhiteClock "0:02:50"]
[BlackClock "0:02:42"]

1. e4 c5 2. Nf3 d6 3. d4 cxd4 4. Nxd4 Nf6 5. Nc3 a6 6. f3 e5 7. Nb3 Be6 8. Be3 Be7 9. Qd2 O-O 10. O-O-O Qc7 11. g4 b5 12. g5 Nh5 13. Kb1 Nd7 14. Nd5 Bxd5 15. Qxd5 Nb6 16. Bxb6 Qxb6 17. Bh3 Nf4 0-1


[Site "https://www.chess.com"]

[Event "Titled Tuesday Blitz November 15 Early 2022"]
[White "Rosenberg, Evan S"]
[Black "Hirneise, Jens"]
[WhiteFideId "2019299"]
[BlackFideId "24614734"]
[WhiteElo "2384"]
[BlackElo "2344"]
[Result "0-1"]
[Round "10"]
[TimeControl "180+1"]
[Date "2022.11.16"]
[WhiteClock "0:00:03"]
[BlackClock "0:01:13"]

1. d4 Nf6 2. Nf3 g6 3. Nc3 d5 4. Bf4 Bg7 5. Nb5 Na6 6. e3 O-O 7. h3 c5 8. Be2 Ne4 9. O-O c4 10. c3 Bd7 11. a4 Qb6 12. Qc2 Bxb5 13. axb5 Qxb5 14. Ra3 Qc6 15. Rfa1 Nc7 16. Bxc7 Qxc7 17. Rxa7 Rxa7 18. Rxa7 Qb6 19. Ra4 Nd6 20. Rb4 Qc7 21. b3 cxb3 22. Qxb3 Rc8 23. Qxd5 Qxc3 24. Qb3 Qc1+ 25. Kh2 Qc7 26. g3 e6 27. Ne5 Qc2 28. Qb2 h5 29. Bf3 b5 30. Kg2 h4 31. g4 g5 32. Qxc2 Rxc2 33. Nc6 Nc4 34. Kf1 Nd2+ 35. Kg2 Nxf3 36. Ne7+ Kf8 37. Ng6+ fxg6 38. Kxf3 Bf6 39. Rxb5 Kf7 40. Rb7+ Be7 41. e4 Rc3+ 42. Kg2 Rd3 43. Rd7 Ke8 44. Rb7 Rxd4 45. f3 Rd2+ 46. Kg1 Kf8 47. Rb8+ Kf7 48. Kf1 Rh2 49. Rb3 Rxh3 50. Kg2 Rg3+ 51. Kh2 Bd6 52. Rb7+ Kf6 53. e5+ Bxe5 54. f4 Bxf4 55. Kh1 Ra3 56. Rb1 h3 57. Rd1 Rc3 58. Rd8 Rc1+ 0-1


[Site "https://www.chess.com"]

[Event "Titled Tuesday Blitz November 15 Early 2022"]
[White "Safin, Robert"]
[Black "Gjestemoen-VonHirsch, Andre"]
[WhiteFideId "34189120"]
[BlackFideId "1539531"]
[WhiteElo "2253"]
[BlackElo "2198"]
[Result "0-1"]
[Round "10"]
[TimeControl "180+1"]
[Date "2022.11.16"]
[WhiteClock "0:00:04"]
[BlackClock "0:00:04"]

1. e4 g6 2. d4 Bg7 3. Nc3 c5 4. Nf3 cxd4 5. Nxd4 Nc6 6. Be3 Nf6 7. Be2 O-O 8. O-O d5 9. exd5 Nxd5 10. Nxd5 Qxd5 11. Bf3 Qd7 12. Nxc6 bxc6 13. Qxd7 Bxd7 14. Rad1 Rfd8 15. b3 a5 16. Bb6 Rdb8 17. Bc7 Bf5 18. Bxb8 Rxb8 19. Bxc6 Bxc2 20. Rc1 Bf5 21. Rfe1 Be6 22. Ba4 Bb2 23. Rc7 Ba3 24. Rd1 Bd6 25. Rc6 Rb7 26. g3 Bd7 27. Rc4 Be6 28. Rc2 Rb4 29. Bc6 Rb6 30. Bd5 Bf5 31. Rc4 Kg7 32. Kg2 h5 33. Rd2 Bb4 34. Rd1 Bg4 35. Bf3 Be6 36. Rc6 Rb8 37. Rd3 Bf5 38. Rd4 Bd6 39. Rcxd6 exd6 40. Rxd6 a4 41. Ra6 axb3 42. axb3 Rxb3 43. Ra7 Be6 44. Rc7 Kf6 45. Ra7 h4 46. gxh4 Bh3+ 47. Kxh3 Rxf3+ 48. Kg2 Rf4 49. Kg3 Rb4 50. Ra3 Kg7 51. Rf3 f5 52. Re3 f4+ 0-1


[Site "https://www.chess.com"]

[Event "Titled Tuesday Blitz November 15 Early 2022"]
[White "Salinas Herrera, Pablo"]
[Black "Rohith Krishna S"]
[WhiteFideId "3407128"]
[BlackFideId "46617051"]
[WhiteElo "2557"]
[BlackElo "2270"]
[Result "1-0"]
[Round "10"]
[TimeControl "180+1"]
[Date "2022.11.15"]
[WhiteClock "0:00:04"]
[BlackClock "0:00:42"]

1. d4 Nf6 2. Nf3 c5 3. d5 e6 4. Nc3 exd5 5. Nxd5 Nxd5 6. Qxd5 d6 7. Bf4 Qa5+ 8. Bd2 Qb6 9. O-O-O Be6 10. Qg5 Bxa2 11. e4 Nc6 12. Bc3 h6 13. Qg3 Be6 14. Be2 Nb4 15. Bxb4 Qxb4 16. Rhe1 a5 17. Nd2 a4 18. Nb1 Be7 19. f4 O-O 20. Na3 Bf6 21. c3 Qb6 22. Bc4 Rfd8 23. Bd5 Qa5 24. Nc4 Qa6 25. Na3 Bxd5 26. Rxd5 b5 27. Qd3 b4 28. Qxa6 Rxa6 29. Nb5 Rb6 30. c4 Ra8 31. Kb1 a3 32. bxa3 bxa3 33. Ka2 Ra4 34. Rc1 Rb4 35. Rc2 Ra6 36. Rxd6 Rb2+ 37. Rxb2 Rxd6 38. Nxd6 Bxb2 39. Nb7 Bc1 40. g3 Be3 41. Kxa3 Bg1 42. h3 Bh2 43. f5 Bxg3 44. Ka4 g5 45. fxg6 fxg6 46. Nxc5 g5 47. Kb5 h5 48. Ne6 g4 49. hxg4 hxg4 50. Nd4 Bf2 51. Ne2 g3 52. c5 Kf7 53. c6 Ke7 54. e5 g2 55. Ka6 Bg3 56. c7 Bxe5 57. c8=Q Bd6 58. Qb7+ Kf6 59. Qxg2 Ke5 60. Kb5 Ke6 61. Kc4 Be5 62. Qe4 Kf6 63. Nd4 Bxd4 64. Kxd4 Kg5 1-0


[Site "https://www.chess.com"]

[Event "Titled Tuesday Blitz November 15 Early 2022"]
[White "Salman, Pavel"]
[Black "Ciuffoletti, Paolo"]
[WhiteFideId "24153753"]
[BlackFideId "807630"]
[WhiteElo "2187"]
[BlackElo "2143"]
[Result "1-0"]
[Round "10"]
[TimeControl "180+1"]
[Date "2022.11.16"]
[WhiteClock "0:00:34"]
[BlackClock "0:00:01"]

1. d4 d5 2. Nc3 Nf6 3. Bf4 e6 4. Nb5 Na6 5. e3 c5 6. g4 c4 7. a4 Qa5+ 8. c3 Be7 9. g5 Nd7 10. Nd6+ Bxd6 11. Bxd6 Qb6 12. Ba3 e5 13. Nf3 e4 14. Nh4 Nf8 15. Qh5 Ng6 16. Be2 Qe6 17. h3 f5 18. gxf6 Qxf6 19. Nxg6 Qxg6 20. Qxd5 Qe6 21. Bxc4 Qxd5 22. Bxd5 Nc7 23. Bxe4 Be6 24. Bxb7 Rb8 25. Bc6+ Kf7 26. O-O-O Rhd8 27. e4 Bb3 28. Rd3 Ne6 29. d5 Nf4 30. Rf3 g5 31. h4 1-0


[Site "https://www.chess.com"]

[Event "Titled Tuesday Blitz November 15 Early 2022"]
[White "Sarana, Alexey"]
[Black "Shipov, Sergei"]
[WhiteFideId "24133795"]
[BlackFideId "4113624"]
[WhiteElo "2708"]
[BlackElo "2792"]
[Result "1-0"]
[Round "10"]
[TimeControl "180+1"]
[Date "2022.11.15"]
[WhiteClock "0:00:17"]
[BlackClock "0:00:46"]

1. c4 Nf6 2. Nc3 c5 3. Nf3 e6 4. g3 b6 5. Bg2 Bb7 6. O-O Be7 7. d4 cxd4 8. Qxd4 d6 9. Rd1 a6 10. Bg5 Nbd7 11. e4 O-O 12. e5 dxe5 13. Nxe5 Bxg2 14. Nxd7 Bf3 15. Bxf6 Bxf6 16. Nxf6+ Qxf6 17. Qxf6 gxf6 18. Rd3 Bc6 19. Rd6 Rfc8 20. Rad1 Kf8 21. f4 Ke7 22. Kf2 Rc7 23. R1d2 Rac8 24. Ke3 Be8 25. Rxb6 Rxc4 26. Rxa6 h5 27. Rb6 f5 28. Rb7+ Kf6 29. Rd4 R4c5 30. Rb6 Bc6 31. Kd2 Bf3 32. a4 h4 33. Ke3 Bg2 34. Rd2 Ba8 35. Rd7 hxg3 36. hxg3 Rg8 37. Kf2 Rc4 38. a5 Rh8 39. a6 Rh2+ 40. Ke3 Rg2 41. Kd3 Rc8 42. a7 Rxg3+ 43. Kc2 Rgg8 44. Kb3 Bf3 45. Nb5 Rg3 46. Kb4 Bd5 47. Rxd5 Rf3 48. Rd4 Ra8 49. b3 Rf1 50. Rb8 1-0


[Site "https://www.chess.com"]

[Event "Titled Tuesday Blitz November 15 Early 2022"]
[White "Sargsyan, Anna M."]
[Black "Samunenkov, Ihor"]
[WhiteFideId "13308130"]
[BlackFideId "14187086"]
[WhiteElo "2284"]
[BlackElo "2441"]
[Result "0-1"]
[Round "10"]
[TimeControl "180+1"]
[Date "2022.11.15"]
[WhiteClock "0:00:01"]
[BlackClock "0:00:05"]

1. e4 c6 2. d4 d5 3. exd5 cxd5 4. Bd3 Nc6 5. c3 Nf6 6. h3 e5 7. dxe5 Nxe5 8. Bc2 Bc5 9. Ne2 O-O 10. O-O Ne4 11. Nd2 Nxd2 12. Bxd2 Nc4 13. Bc1 Be6 14. Qd3 g6 15. b3 Ne5 16. Qg3 Nc6 17. Bh6 Re8 18. Rfe1 Qf6 19. Rad1 d4 20. Bg5 Qg7 21. Qf4 dxc3 22. Bf6 Qf8 23. Nxc3 Be7 24. Ne4 Bf5 25. Ba1 Bxe4 26. Bxe4 Rad8 27. Rxd8 Bxd8 28. Rd1 Qe7 29. Bf3 Bc7 30. Qc4 Ne5 31. Bxe5 Qxe5 32. g3 b5 33. Qc6 Re6 34. Qa8+ Kg7 35. Kg2 Bb6 36. Rd2 Qe1 37. Qd5 Rf6 38. Re2 Qa1 39. g4 h6 40. h4 Qc1 41. Qe5 g5 42. hxg5 hxg5 43. Qb2 Qf4 44. Qe5 Qxf3+ 45. Kg1 Bxf2+ 46. Kh2 Bg3+ 47. Kh3 Bxe5# 0-1


[Site "https://www.chess.com"]

[Event "Titled Tuesday Blitz November 15 Early 2022"]
[White "Sariego Figueredo, Wilfredo"]
[Black "Jiganchine, Roman"]
[WhiteFideId "3500080"]
[BlackFideId "2603667"]
[WhiteElo "2309"]
[BlackElo "2313"]
[Result "1/2-1/2"]
[Round "10"]
[TimeControl "180+1"]
[Date "2022.11.16"]
[WhiteClock "0:02:29"]
[BlackClock "0:02:32"]

1. d4 d5 2. Bf4 Nf6 3. e3 c5 4. c3 e6 5. Nf3 Nc6 6. Bd3 Bd6 7. Bg3 O-O 8. Ne5 Qe7 9. O-O Nd7 10. f4 f6 11. Bxh7+ Kxh7 12. Qh5+ Kg8 13. Ng6 Qe8 14. Qh8+ Kf7 15. Qh5 Kg8 16. Qh8+ Kf7 17. Qh5 Kg8 1/2-1/2


[Site "https://www.chess.com"]